[Event "Polish Youth G16 Championship 2023"]
[Site "Jastrzebia Gora"]
[Date "2023.03.13"]
[Round "2.16"]
[White "Pniewska, Beata"]
[Black "Idzior, Izabela"]
[Result "1-0"]
[ECO "A13"]
[WhiteElo "1448"]
[BlackElo "1287"]
[Annotator "NA RC COMBH"]
[PlyCount "73"]
[EventDate "2023.03.11"]
[EventType "swiss"]
[EventCountry "POL"]
[SourceTitle "playchess.com"]
[Source "ChessBase"]
[SourceQuality "1"]
[TimeControl "40/5400+30:1800+30"]

1. c4 e6 2. g3 d5 3. Bg2 Nf6 4. d4 Bd7 5. Nc3 Bc6 6. cxd5 Bxd5 7. Nxd5 exd5 8. Qb3 Nc6 9. Qe3+ Be7 10. Nf3 Nb4 11. Qb3 a5 12. Bf4 O-O 13. O-O Re8 14. a3 a4 15. Qc3 Nc6 16. Rfd1 Ne4 17. Qd3 Na5 18. Rac1 c6 19. Ne5 Nb3 20. Rc2 f6 21. Bxe4 dxe4 22. Qc4+ Qd5 23. Nd7 Ra6 24. Qxd5+ cxd5 25. Rc7 Na5 26. Nc5 Bxc5 27. Rxc5 Nc4 28. Rxd5 Nxb2 29. Rb1 Nc4 30. Rxb7 Nxa3 31. Rdd7 g5 32. Bd6 Rxd6 33. Rxd6 Ra8 34. Rdd7 Nc4 35. Rxh7 a3 36. Rbg7+ Kf8 37. Rh8+ 1-0

[Event "Polish Youth G16 Championship 2023"]
[Site "Jastrzebia Gora"]
[Date "2023.03.13"]
[Round "2.17"]
[White "Zgoda, Aleksandra"]
[Black "Nowak, Zuzanna"]
[Result "0-1"]
[ECO "D00"]
[WhiteElo "1308"]
[BlackElo "1427"]
[Annotator "NA RC COMBH"]
[PlyCount "52"]
[EventDate "2023.03.11"]
[EventType "swiss"]
[EventCountry "POL"]
[SourceTitle "playchess.com"]
[Source "ChessBase"]
[SourceQuality "1"]
[TimeControl "40/5400+30:1800+30"]

1. d4 d5 2. Bf4 Nf6 3. e3 g6 4. Nf3 Bg7 5. Nc3 c6 6. Bd3 Nbd7 7. Ne5 Nh5 8. g4 Nxf4 9. exf4 Qb6 10. Ne2 Nxe5 11. fxe5 Bxg4 12. Rb1 O-O 13. c3 f6 14. exf6 Bxf6 15. Rg1 Bh5 16. Qd2 e5 17. Ng3 Bg4 18. Qh6 e4 19. Nxe4 Bg7 20. Qg5 Bf5 21. Nc5 Bxd3 22. Nxd3 Rae8+ 23. Kd2 Rf5 24. Qg3 Qa6 25. Nb4 Qe2+ 26. Kc1 Bh6+ 0-1

[Event "Polish Youth G16 Championship 2023"]
[Site "Jastrzebia Gora"]
[Date "2023.03.13"]
[Round "2.18"]
[White "Michalska, Anna-Maria"]
[Black "Makarec, Anna"]
[Result "1/2-1/2"]
[ECO "E21"]
[WhiteElo "1417"]
[BlackElo "1271"]
[Annotator "NA RC COMBH"]
[PlyCount "104"]
[EventDate "2023.03.11"]
[EventType "swiss"]
[EventCountry "POL"]
[SourceTitle "playchess.com"]
[Source "ChessBase"]
[SourceQuality "1"]
[TimeControl "40/5400+30:1800+30"]

1. d4 Nf6 2. c4 e6 3. Nc3 Bb4 4. Nf3 b6 5. g3 Bb7 6. Bg2 O-O 7. O-O d5 8. cxd5 exd5 9. Bg5 h6 10. Bxf6 Qxf6 11. Rc1 Nd7 12. Qa4 Bxc3 13. Rxc3 Qd6 14. b4 c6 15. Rfc1 b5 16. Qb3 a5 17. a3 Nb6 18. Ne5 Nc4 19. Nd3 axb4 20. Qxb4 Qf6 21. Nc5 Bc8 22. e3 Qf5 23. Ra1 Nd2 24. f4 Qh5 25. Kf2 Bh3 26. Qb2 Bxg2 27. Kxg2 Qf3+ 28. Kg1 Qe2 29. Rb1 b4 30. Rd3 Nf3+ 31. Kh1 Qxb2 32. Rxb2 bxa3 33. Ra2 Rfb8 34. Nb3 Ne1 35. Rc3 Nc2 36. Nc1 Nb4 37. Raxa3 Rxa3 38. Rxa3 Nc2 39. Rc3 Rb2 40. Nd3 Rb1+ 41. Kg2 Nxe3+ 42. Kf3 Nc4 43. Ne5 Nxe5+ 44. dxe5 Rb6 45. Ke3 Kf8 46. Kd4 Ke7 47. Ra3 Rb4+ 48. Kc5 Rc4+ 49. Kb6 c5 50. f5 Re4 51. Ra7+ Kf8 52. Ra8+ Ke7 1/2-1/2

[Event "Polish Youth G16 Championship 2023"]
[Site "Jastrzebia Gora"]
[Date "2023.03.13"]
[Round "2.19"]
[White "Lach, Alicja"]
[Black "Predkiewicz, Paulina"]
[Result "0-1"]
[ECO "C44"]
[WhiteElo "1231"]
[BlackElo "1402"]
[Annotator "NA RC COMBH"]
[PlyCount "108"]
[EventDate "2023.03.11"]
[EventType "swiss"]
[EventCountry "POL"]
[SourceTitle "playchess.com"]
[Source "ChessBase"]
[SourceQuality "1"]
[TimeControl "40/5400+30:1800+30"]

1. e4 e5 2. Nf3 Nc6 3. d4 exd4 4. Nxd4 Qf6 5. Nxc6 Bc5 6. Qd2 dxc6 7. Bd3 Be6 8. Nc3 O-O-O 9. O-O Qe5 10. Qg5 Qxg5 11. Bxg5 f6 12. Bd2 Ne7 13. a3 Ng6 14. Na4 Bd4 15. Bc3 Ne5 16. Rad1 Bg4 17. Bxd4 Rxd4 18. f3 Rxa4 19. fxg4 Nxg4 20. Rfe1 Rd8 21. e5 Re8 22. e6 g6 23. c3 Ne5 24. Bc2 Rg4 25. Re3 Rxe6 26. Bb3 Re8 27. Rd4 f5 28. Kf1 c5 29. Rxg4 fxg4 30. Bd1 Kd8 31. Re4 Nd3 32. Rxe8+ Kxe8 33. b3 h5 34. Bc2 Ne5 35. Kf2 Ke7 36. Be4 c6 37. Ke3 Ke6 38. g3 g5 39. Bg2 b5 40. Be4 a5 41. Ke2 b4 42. axb4 cxb4 43. c4 h4 44. Ke3 c5 45. Bb7 Kd6 46. Be4 Nf3 47. gxh4 gxh4 48. h3 Ne5 49. hxg4 Nxg4+ 50. Kf4 Nf2 51. Bc2 Ke6 52. Bf5+ Kf6 53. Bd7 Nd3+ 54. Kg4 Ne5+ 0-1

[Event "Polish Youth G16 Championship 2023"]
[Site "Jastrzebia Gora"]
[Date "2023.03.13"]
[Round "2.20"]
[White "Bauer, Maja"]
[Black "Racis, Dominika"]
[Result "1-0"]
[ECO "B15"]
[WhiteElo "1383"]
[BlackElo "1201"]
[Annotator "NA RC COMBH"]
[PlyCount "53"]
[EventDate "2023.03.11"]
[EventType "swiss"]
[EventCountry "POL"]
[SourceTitle "playchess.com"]
[Source "ChessBase"]
[SourceQuality "1"]
[TimeControl "40/5400+30:1800+30"]

1. e4 c6 2. d4 d5 3. Nd2 dxe4 4. Nxe4 Nf6 5. Ng3 e6 6. Bf4 Nbd7 7. Nf3 c5 8. Be5 Qa5+ 9. c3 Nxe5 10. dxe5 Nd5 11. Qb3 a6 12. Bc4 Nf4 13. O-O b5 14. Be2 c4 15. Bxc4 Ng6 16. Bd3 Bb7 17. Ne4 Qc7 18. Rfe1 Nxe5 19. Nxe5 Qxe5 20. a4 Bd5 21. Qc2 b4 22. c4 Bb7 23. c5 Bxe4 24. Bxe4 Qb8 25. Bc6+ Ke7 26. Bxa8 Qxa8 27. c6 1-0

[Event "Polish Youth G16 Championship 2023"]
[Site "Jastrzebia Gora"]
[Date "2023.03.13"]
[Round "2.21"]
[White "Domeradzka, Karolina"]
[Black "Sliwicka, Weronika"]
[Result "0-1"]
[ECO "B43"]
[WhiteElo "1194"]
[BlackElo "1374"]
[Annotator "NA RC COMBH"]
[PlyCount "118"]
[EventDate "2023.03.11"]
[EventType "swiss"]
[EventCountry "POL"]
[SourceTitle "playchess.com"]
[Source "ChessBase"]
[SourceQuality "1"]
[TimeControl "40/5400+30:1800+30"]

1. e4 c5 2. Nc3 e6 3. Nf3 a6 4. d4 cxd4 5. Nxd4 Qc7 6. g3 Nf6 7. Bg2 Bb4 8. Bd2 d6 9. Qe2 Bd7 10. f4 Nc6 11. Nf3 O-O-O 12. O-O-O e5 13. fxe5 Nxe5 14. Nxe5 dxe5 15. Nd5 Nxd5 16. exd5 Bxd2+ 17. Rxd2 Qd6 18. Rd3 Kb8 19. Rb3 Rc8 20. Re3 f6 21. Rd1 Ba4 22. Rd2 Bd7 23. g4 Bb5 24. Qf2 Rc4 25. h3 Rhc8 26. Kb1 Rf4 27. Rf3 Rxf3 28. Qxf3 Rc4 29. b3 Rf4 30. Qe3 Bf1 31. Bh1 Bb5 32. c4 Rf1+ 33. Kb2 Rxh1 34. cxb5 axb5 35. Qf3 Qb4 36. Qd3 Rxh3 37. Qc2 Qd6 38. Qf5 Qb4 39. Qc2 Qd6 40. Qf5 e4 41. Qxe4 Qe5+ 42. Qxe5+ fxe5 43. Re2 Rg3 44. Re4 Kc7 45. Rxe5 Rxg4 46. Re7+ Kd6 47. Rxb7 b4 48. a4 bxa3+ 49. Kxa3 Kxd5 50. b4 Kc6 51. Re7 h5 52. Ka4 Rg1 53. Re6+ Kd5 54. Re3 g5 55. b5 g4 56. Rb3 g3 57. Rb2 g2 58. Kb4 h4 59. b6 Kc6 0-1

[Event "Polish Youth G16 Championship 2023"]
[Site "Jastrzebia Gora"]
[Date "2023.03.13"]
[Round "2.22"]
[White "Gajec, Roza"]
[Black "Butkiewicz, Hanna"]
[Result "0-1"]
[ECO "C66"]
[WhiteElo "1341"]
[BlackElo "1120"]
[Annotator "NA RC COMBH"]
[PlyCount "128"]
[EventDate "2023.03.11"]
[EventType "swiss"]
[EventCountry "POL"]
[SourceTitle "playchess.com"]
[Source "ChessBase"]
[SourceQuality "1"]
[TimeControl "40/5400+30:1800+30"]

1. e4 e5 2. Nf3 Nc6 3. Bb5 Nf6 4. O-O d6 5. Re1 Bg4 6. c3 a6 7. Ba4 Be7 8. h3 Bh5 9. d3 O-O 10. Nbd2 Nd7 11. Nf1 Bh4 12. Ng3 Bxf3 13. Qxf3 Nc5 14. Bc2 g6 15. Bh6 Re8 16. Qg4 Ne6 17. Bb3 Bg5 18. Bxg5 Nxg5 19. h4 Ne6 20. Re3 Nf4 21. h5 Na5 22. hxg6 hxg6 23. Bc2 Kh7 24. Ne2 Nxe2+ 25. Qxe2 Rh8 26. Rh3+ Kg7 27. Qg4 Rxh3 28. Qxh3 Qe7 29. g3 Rh8 30. Qg4 Rh5 31. b4 Nc6 32. Bd1 Qd8 33. Qf3 Qh8 34. Qg2 Rh7 35. Bb3 Qd8 36. Qf3 Kf8 37. Kg2 Qd7 38. Rh1 Rxh1 39. Kxh1 Nd8 40. Qf6 Kg8 41. Qxg6+ Kf8 42. Qh6+ Ke7 43. Qg5+ Kf8 44. Kg2 Ke8 45. Qg8+ Ke7 46. f4 exf4 47. gxf4 Qc6 48. Qg5+ Ke8 49. Qf6 Qb5 50. Bc4 Qh5 51. d4 Qg4+ 52. Kf2 Qd1 53. Qh8+ Ke7 54. d5 Qd2+ 55. Kf3 f6 56. Qg7+ Nf7 57. e5 Qxc3+ 58. Kg2 fxe5 59. Be2 Qd2 60. Qg4 Qxd5+ 61. Kh2 Qxa2 62. Kh3 Qe6 63. f5 Qh6+ 64. Kg2 Qg5 0-1

[Event "Polish Youth G16 Championship 2023"]
[Site "Jastrzebia Gora"]
[Date "2023.03.13"]
[Round "2.23"]
[White "Danek, Wiktoria"]
[Black "Ekner, Maria"]
[Result "1/2-1/2"]
[ECO "D30"]
[WhiteElo "1161"]
[BlackElo "1337"]
[Annotator "NA RC COMBH"]
[PlyCount "62"]
[EventDate "2023.03.11"]
[EventType "swiss"]
[EventCountry "POL"]
[SourceTitle "playchess.com"]
[Source "ChessBase"]
[SourceQuality "1"]
[TimeControl "40/5400+30:1800+30"]

1. d4 d5 2. c4 e6 3. Nf3 Nf6 4. Bg5 c5 5. e3 cxd4 6. Qxd4 Be7 7. cxd5 exd5 8. Nc3 Nc6 9. Qd1 Be6 10. Be2 O-O 11. O-O Ne4 12. Bxe7 Nxc3 13. Bxd8 Nxd1 14. Rfxd1 Rfxd8 15. a3 f6 16. Rac1 a6 17. h3 Rac8 18. Rc3 Ne5 19. Rxc8 Rxc8 20. Nd4 Kf7 21. Rd2 Rc1+ 22. Kh2 Nc4 23. Bxc4 dxc4 24. Nxe6 Kxe6 25. Kg3 c3 26. bxc3 Rxc3 27. Rb2 b5 28. a4 bxa4 29. Rb6+ Kd5 30. Rxa6 a3 31. Ra4 Kc5 1/2-1/2

[Event "Polish Youth G16 Championship 2023"]
[Site "Jastrzebia Gora"]
[Date "2023.03.13"]
[Round "3.1"]
[White "Seemann, Pola"]
[Black "Ziobrowska, Maja"]
[Result "0-1"]
[ECO "C27"]
[WhiteElo "1714"]
[BlackElo "1758"]
[Annotator "NA RC COMBH"]
[PlyCount "104"]
[EventDate "2023.03.11"]
[EventType "swiss"]
[EventCountry "POL"]
[SourceTitle "playchess.com"]
[Source "ChessBase"]
[SourceQuality "1"]
[TimeControl "40/5400+30:1800+30"]

1. e4 e5 2. Nc3 Nf6 3. Bc4 Nxe4 4. Qh5 Nd6 5. Bb3 Be7 6. Qxe5 O-O 7. d4 Nc6 8. Qf4 Na5 9. Nd5 Nxb3 10. axb3 b6 11. Nf3 Bb7 12. Nxe7+ Qxe7+ 13. Be3 a5 14. O-O Qe4 15. c3 Nf5 16. Qxc7 Nxe3 17. fxe3 Qxe3+ 18. Kh1 Bxf3 19. Rxf3 Qe6 20. c4 Rac8 21. Qg3 d5 22. Re1 Qd7 23. cxd5 Qxd5 24. Qg4 Rcd8 25. Rd1 Rfe8 26. Rfd3 Re4 27. Qg3 Rde8 28. h3 h6 29. Kh2 R8e6 30. R3d2 Re3 31. Qb8+ Kh7 32. Rf1 Rg6 33. Qc7 Rxb3 34. Qxf7 Qxf7 35. Rxf7 Rd6 36. d5 Kg6 37. Re7 Kf6 38. Re1 Rb5 39. Red1 g5 40. g3 a4 41. Kg2 Rb3 42. Rf1+ Ke7 43. Re1+ Kd7 44. Re4 b5 45. Red4 Rf6 46. d6 Rff3 47. Rg4 Rfd3 48. Rd4 Rxd4 49. Rxd4 Rxb2+ 50. Kf3 a3 51. Rd3 a2 52. Ra3 Rb3+ 0-1

[Event "Polish Youth G16 Championship 2023"]
[Site "Jastrzebia Gora"]
[Date "2023.03.13"]
[Round "3.2"]
[White "Kawa, Anna"]
[Black "Tokarz, Izabela"]
[Result "1/2-1/2"]
[ECO "B28"]
[WhiteElo "1743"]
[BlackElo "1725"]
[Annotator "NA RC COMBH"]
[PlyCount "114"]
[EventDate "2023.03.11"]
[EventType "swiss"]
[EventCountry "POL"]
[SourceTitle "playchess.com"]
[Source "ChessBase"]
[SourceQuality "1"]
[TimeControl "40/5400+30:1800+30"]

1. e4 c5 2. Nf3 a6 3. d3 b5 4. g3 Bb7 5. Bg2 e6 6. Be3 d6 7. Nbd2 Nf6 8. c3 Be7 9. O-O O-O 10. Re1 Ng4 11. Nf1 Nxe3 12. Rxe3 Nd7 13. a3 Nf6 14. h3 Qb6 15. N3d2 a5 16. Re1 Bc6 17. Ne3 b4 18. Ndc4 Qb5 19. e5 dxe5 20. Bxc6 Qxc6 21. Nxe5 Qc7 22. N3c4 Nd5 23. Qc2 Kh8 24. axb4 cxb4 25. Ra4 Bf6 26. Ng4 Rfc8 27. Nxf6 gxf6 28. Rea1 Nb6 29. Nxb6 Qxb6 30. Qb3 Rab8 31. Rxa5 bxc3 32. Qxb6 Rxb6 33. Ra8 Rbc6 34. Rxc8+ Rxc8 35. Rc1 c2 36. Kf1 Kg7 37. Ke2 f5 38. Kd2 f4 39. Rxc2 Rb8 40. Kc1 fxg3 41. fxg3 h5 42. Rc4 f5 43. b4 Kf6 44. Kc2 Rg8 45. g4 hxg4 46. hxg4 fxg4 47. Kd2 g3 48. Rc1 Kf5 49. Ke2 Kg4 50. Rc4+ Kh3 51. Kf1 g2+ 52. Kg1 Rf8 53. Rc1 Kg3 54. d4 Rb8 55. Rb1 Kf3 56. b5 Ke4 57. Re1+ Kxd4 1/2-1/2

[Event "Polish Youth G16 Championship 2023"]
[Site "Jastrzebia Gora"]
[Date "2023.03.13"]
[Round "3.3"]
[White "Salamon, Julia"]
[Black "Szczotka, Klara"]
[Result "0-1"]
[ECO "E21"]
[WhiteElo "1701"]
[BlackElo "1739"]
[Annotator "NA RC COMBH"]
[PlyCount "90"]
[EventDate "2023.03.11"]
[EventType "swiss"]
[EventCountry "POL"]
[SourceTitle "playchess.com"]
[Source "ChessBase"]
[SourceQuality "1"]
[TimeControl "40/5400+30:1800+30"]

1. d4 Nf6 2. c4 e6 3. Nc3 Bb4 4. Nf3 b6 5. e3 O-O 6. Bd3 d5 7. cxd5 exd5 8. O-O Re8 9. Qc2 Ba6 10. Bxa6 Nxa6 11. a3 Bf8 12. Rd1 Qc8 13. b3 Qb7 14. Bb2 Rad8 15. Rac1 c5 16. Qd3 Ne4 17. Nb5 f6 18. Ne1 Nc7 19. Nxc7 Qxc7 20. Qe2 Bd6 21. g3 Qf7 22. Rc2 h5 23. Ng2 cxd4 24. Rxd4 Be5 25. Rb4 Rc8 26. Bd4 Qd7 27. Ne1 Bd6 28. Ra4 Rxc2 29. Qxc2 Rc8 30. Qb2 Nc5 31. Bxc5 bxc5 32. Qd2 Be5 33. f4 Bb8 34. Nf3 Re8 35. Kf2 Qc6 36. Qc3 a6 37. Rd4 Ba7 38. Rd2 Qe6 39. Qd3 c4 40. Nd4 cxd3 41. Nxe6 Rxe6 42. Rxd3 Rd6 43. Ke2 Kf7 44. Rc3 Bb6 45. Rc1 Re6 0-1

[Event "Polish Youth G16 Championship 2023"]
[Site "Jastrzebia Gora"]
[Date "2023.03.13"]
[Round "3.4"]
[White "Bar, Klaudia"]
[Black "Zapalowska, Wiktoria"]
[Result "1-0"]
[ECO "B12"]
[WhiteElo "1731"]
[BlackElo "1639"]
[Annotator "NA RC COMBH"]
[PlyCount "99"]
[EventDate "2023.03.11"]
[EventType "swiss"]
[EventCountry "POL"]
[SourceTitle "playchess.com"]
[Source "ChessBase"]
[SourceQuality "1"]
[TimeControl "40/5400+30:1800+30"]

1. e4 c6 2. d4 d5 3. e5 c5 4. dxc5 e6 5. a3 Bxc5 6. b4 Be7 7. Nf3 Nd7 8. c4 dxc4 9. Bxc4 Qc7 10. Bb5 a6 11. Bxd7+ Bxd7 12. O-O Bb5 13. Re1 Rd8 14. Bd2 Nh6 15. Nc3 Bc6 16. Qe2 Nf5 17. Ne4 h6 18. Rac1 Qd7 19. Bc3 Bb5 20. Qb2 Bd3 21. Ng3 Nxg3 22. hxg3 O-O 23. Rcd1 Qc7 24. Nd4 Bg6 25. Kh2 Rd5 26. f4 Rfd8 27. g4 Rc8 28. Re3 Qd7 29. Rd2 Bd8 30. Nf3 Rxd2 31. Qxd2 Qxd2 32. Bxd2 Bb6 33. Rc3 Rd8 34. Be3 Bxe3 35. Rxe3 Rd3 36. Rxd3 Bxd3 37. Nd4 Kf8 38. f5 Ke7 39. Kg3 Bc4 40. Kh4 Bd5 41. g3 g6 42. f6+ Kd8 43. g5 h5 44. g4 hxg4 45. Kxg4 Kc7 46. Kf4 Kb6 47. Ke3 a5 48. Kd3 axb4 49. axb4 Kc7 50. Nb5+ 1-0

[Event "Polish Youth G16 Championship 2023"]
[Site "Jastrzebia Gora"]
[Date "2023.03.13"]
[Round "3.5"]
[White "Smietanska, Wiktoria"]
[Black "Zielinska, Aleksandra"]
[Result "1-0"]
[ECO "A21"]
[WhiteElo "1954"]
[BlackElo "1613"]
[Annotator "TA"]
[PlyCount "71"]
[EventDate "2023.03.11"]
[EventType "swiss"]
[EventCountry "POL"]
[SourceTitle "playchess.com"]
[Source "ChessBase"]
[SourceQuality "1"]
[TimeControl "40/5400+30:1800+30"]

1. c4 e5 2. Nc3 Bb4 3. Nd5 Bc5 4. e3 c6 5. Nc3 Nf6 6. d4 exd4 7. exd4 Be7 8. Nf3 O-O 9. Bd3 d5 10. O-O Nbd7 11. cxd5 Nxd5 12. Nxd5 cxd5 13. Qb3 {D41: Queen's Gambit Declined: Semi-Tarrasch with 5 cxd5.} Nf6 14. Bg5 {[#]} Rb8 $146 ({Predecessor:} 14... h6 15. Bh4 b6 16. Ne5 Bb7 17. Rfe1 Ne4 18. Bxe7 Qxe7 19. f3 Ng5 20. Ng6 Nxf3+ 21. Kh1 Qf6 22. Ne7+ Kh8 23. gxf3 Qxf3+ 24. Kg1 Qg4+ 25. Kh1 Qf3+ {½-½ Pasko,A (2303)-Myshakov,F (2178) UKR-ch sf U16 2003 (6)}) 15. Ne5 {White is slightly better.} Be6 16. Rfe1 {Against Ne4} a6 17. Re2 Ne4 {[%mdl 64] Discovered Attack} 18. Bxe7 (18. Bf4 {is interesting.} Bg5 19. Bxg5 Qxg5 20. Qb4) 18... Qxe7 19. f3 Nd6 20. Rae1 {[%cal Oe5f7] Hoping for Nxf7!} Qf6 21. Qb6 Rfd8 22. Rc2 Ne8 23. Rc3 Qe7 24. Bb1 Qd6 25. Qb3 f6 26. Nd3 Bf7 27. Nc5 b5 ({Black should play} 27... a5 $11) 28. Rce3 Qc6 (28... Nc7 $14) 29. Qa3 (29. Re7 $142 {[%cal Ob1h7] Bxh7+! is the strong threat.} Nd6 30. Qc2) 29... Ra8 30. Re7 {[%cal Ob1h7] Threatens to win with Bxh7+!} Nd6 31. Qc3 a5 {[#]} ({Better is} 31... Re8) 32. Qc2 $1 $40 {[%mdl 128] White has strong attack. White is much more active.} g6 $2 {This costs Black the game.} (32... f5 $16 33. Nb7 Qxc2 34. Bxc2 Nxb7) 33. Qd2 $18 {And now Qh6 would win.} g5 34. Qc2 ({Less strong is} 34. Ne6 Rd7 35. Rxd7 (35. Qd3 Bg6 $15) 35... Qxd7 $16) 34... Bg6 {[#]} (34... f5 $142 35. Qc1 h6) 35. Rg7+ $3 {[%mdl 576] Decoy} Kf8 (35... Kxg7 36. Ne6+) 36. Ne6+ {[%mdl 64] Discovered Attack, Double Attack. Artfully played by Smietanska.   Weighted Error Value: White=0.16 (very precise) /Black=0.47} 1-0

[Event "Polish Youth G16 Championship 2023"]
[Site "Jastrzebia Gora"]
[Date "2023.03.13"]
[Round "3.6"]
[White "Biniak, Zuzanna"]
[Black "Szopa, Emilia"]
[Result "0-1"]
[ECO "B12"]
[WhiteElo "1457"]
[BlackElo "1709"]
[Annotator "NA RC COMBH"]
[PlyCount "106"]
[EventDate "2023.03.11"]
[EventType "swiss"]
[EventCountry "POL"]
[SourceTitle "playchess.com"]
[Source "ChessBase"]
[SourceQuality "1"]
[TimeControl "40/5400+30:1800+30"]

1. e4 c6 2. d4 d5 3. e5 c5 4. c3 Nc6 5. Nf3 Bg4 6. Be2 e6 7. a3 Qc7 8. O-O Nge7 9. b4 c4 10. Nh4 Bxe2 11. Qxe2 Ng6 12. Nxg6 hxg6 13. Be3 Be7 14. f4 Bd8 15. Nd2 Ne7 16. g4 Qd7 17. Qf3 Bc7 18. Rf2 O-O-O 19. Nf1 Rh7 20. Ng3 Rdh8 21. Raa2 f6 22. a4 g5 23. exf6 gxf6 24. Nh5 Rxh5 25. gxh5 g4 26. Qe2 f5 27. h3 Ng8 28. hxg4 fxg4 29. Bd2 Rxh5 30. Rh2 Rxh2 31. Qxh2 Qg7 32. Be1 Nf6 33. Re2 Ne4 34. Qg2 Bxf4 35. Rxe4 dxe4 36. Qxe4 Qh6 37. Qg2 Qh3 38. Qe2 Qe3+ 39. Qxe3 Bxe3+ 40. Kg2 Bf4 41. b5 Kd7 42. Kf1 Kd6 43. Ke2 Kd5 44. Bf2 Ke4 45. Bg1 g3 46. a5 a6 47. b6 Bg5 48. Ke1 Be3 49. Bxe3 Kxe3 50. Kf1 Kf3 51. Kg1 g2 52. d5 exd5 53. Kh2 Kf2 0-1

[Event "Polish Youth G16 Championship 2023"]
[Site "Jastrzebia Gora"]
[Date "2023.03.13"]
[Round "3.7"]
[White "Bandyk, Joanna"]
[Black "Lazniewska, Zofia"]
[Result "1/2-1/2"]
[ECO "B36"]
[WhiteElo "1459"]
[BlackElo "1621"]
[Annotator "NA RC COMBH"]
[PlyCount "77"]
[EventDate "2023.03.11"]
[EventType "swiss"]
[EventCountry "POL"]
[SourceTitle "playchess.com"]
[Source "ChessBase"]
[SourceQuality "1"]
[TimeControl "40/5400+30:1800+30"]

1. e4 c5 2. Nf3 Nc6 3. d4 cxd4 4. Nxd4 g6 5. c4 Nf6 6. Nc3 d6 7. f3 Nxd4 8. Qxd4 Bg7 9. Be3 O-O 10. Qd2 Be6 11. Rc1 a5 12. Bd3 a4 13. O-O Qa5 14. Nd5 Nxd5 15. Qxa5 Rxa5 16. exd5 Bd7 17. Rb1 Rc8 18. b4 Raa8 19. a3 e6 20. dxe6 Bxe6 21. Rfc1 f5 22. Bf4 Rd8 23. Re1 Kf7 24. Re2 Bf8 25. Rd1 Rac8 26. Bg5 Rd7 27. Rc1 Rdc7 28. Rec2 Bg7 29. Bf4 Be5 30. Bxe5 dxe5 31. c5 Rd8 32. Bb5 Bb3 33. Bc4+ Bxc4 34. Rxc4 Rd3 35. R4c3 Rd5 36. Kf1 Ke6 37. Ke2 Rd4 38. Rd3 Kd5 39. Ke3 1/2-1/2

[Event "Polish Youth G16 Championship 2023"]
[Site "Jastrzebia Gora"]
[Date "2023.03.13"]
[Round "3.8"]
[White "Siekanska, Maria"]
[Black "Nowak, Zuzanna"]
[Result "1-0"]
[ECO "E04"]
[WhiteElo "1996"]
[BlackElo "1427"]
[Annotator "TA"]
[PlyCount "81"]
[EventDate "2023.03.11"]
[EventType "swiss"]
[EventCountry "POL"]
[SourceTitle "playchess.com"]
[Source "ChessBase"]
[SourceQuality "1"]
[TimeControl "40/5400+30:1800+30"]

1. d4 d5 2. c4 e6 3. Nf3 Nf6 4. g3 dxc4 5. Bg2 Nbd7 6. O-O Rb8 7. Qc2 {[%emt 0:02:43][%cal Of3e5] E04: Open Catalan: 5 Nf3.} b6 {[%emt 0:00:49] [#]} (7... b5 $11) 8. Ne5 $146 ({Predecessor:} 8. Rd1 Bb7 9. Ne5 Bxg2 10. Kxg2 Qc8 11. Qxc4 Qb7+ 12. Qc6 Bd6 13. f4 O-O 14. Nc3 b5 {1-0 Vega Gutierrez,S (2385)-Ramirez Allo,E (2242) Las Palmas Insular-chT Pref 1314 2013 (7.1)}) 8... Nxe5 9. dxe5 {[%emt 0:00:10] White is slightly better.} Nd7 10. Rd1 c5 11. Nd2 Qc7 12. Nxc4 Bb7 13. Nd6+ Bxd6 14. exd6 Qc8 15. e4 O-O 16. b3 Qe8 17. Bb2 f6 18. Bh3 Qf7 19. f4 Rbe8 20. a4 Qg6 21. Bg2 Kh8 22. a5 b5 (22... Ra8 $16 {was worth a try.} 23. Re1 e5) 23. a6 $1 $18 Ba8 24. Qe2 (24. b4 $142) 24... Rb8 {[%emt 0:04:01] [#]} (24... e5 $142) 25. Bf3 (25. b4 $1 $16) 25... Rfc8 {[%emt 0:05:51] [#]} ({Black should play} 25... Bc6 $14) 26. e5 (26. b4 $1 $18) 26... Bxf3 $14 27. Qxf3 {[%emt 0:13:27][%cal Of4f5] f5! is the strong threat.} fxe5 28. Bxe5 Nxe5 {[%emt 0:02:28] A mistake that costs the game.} (28... Qf7 $16 29. Qe2 Kg8) 29. fxe5 $18 {[%emt 0:00:07] Strongly threatening d7.} Rf8 (29... Qg5 $142 30. Rac1 Kg8) 30. Qe2 {[%emt 0:01:39] Black must now prevent Rac1.} Kg8 31. Rac1 c4 $2 (31... h5 {keeps fighting.} 32. Rxc5 Qg5) 32. bxc4 bxc4 33. Rxc4 Rb3 (33... h5 $142 34. d7 Rfd8) 34. Rg4 (34. d7 $142 {White wants to mate with Rc8.} Rbb8 35. Rc7) 34... Qh6 (34... Rb2 $142 35. Qxb2 Qxg4) 35. Qd2 Qh5 36. Qg5 Qf7 (36... Qxg5 $18 37. Rxg5 Rb4) 37. Rf4 {[%emt 0:00:17] Active counter play!} Qd7 38. Rxf8+ Kxf8 39. Rc1 h6 40. Qf4+ Kg8 41. Qc4 {[%emt 0:01:44] Weighted Error Value: White=0.42/Black=0.49} (41. Rc7 $142 Rb1+ 42. Kg2) 1-0

[Event "Polish Youth G16 Championship 2023"]
[Site "Jastrzebia Gora"]
[Date "2023.03.13"]
[Round "3.9"]
[White "Pawicka, Magdalena"]
[Black "Predkiewicz, Paulina"]
[Result "1-0"]
[ECO "C50"]
[WhiteElo "1805"]
[BlackElo "1402"]
[Annotator "NA RC COMBH"]
[PlyCount "89"]
[EventDate "2023.03.11"]
[EventType "swiss"]
[EventCountry "POL"]
[SourceTitle "playchess.com"]
[Source "ChessBase"]
[SourceQuality "1"]
[TimeControl "40/5400+30:1800+30"]

1. e4 e5 2. Nf3 Nc6 3. Bc4 Nf6 4. d3 Bc5 5. c3 d6 6. Bb3 O-O 7. O-O Bb6 8. Nbd2 Be6 9. Bc2 a5 10. h3 Qd7 11. Ng5 Kh8 12. Ndf3 h6 13. Nxe6 fxe6 14. Be3 Bxe3 15. fxe3 d5 16. d4 dxe4 17. Nxe5 Nxe5 18. dxe5 Qxd1 19. Raxd1 Nd5 20. Rxf8+ Rxf8 21. Bxe4 c6 22. Rd3 Kg8 23. c4 Nb6 24. b3 Kf7 25. Bf3 Re8 26. Kf2 Ke7 27. Bg4 Nd7 28. Rd6 Nc5 29. Ke2 Kf7 30. Kf3 g6 31. h4 Kg7 32. e4 g5 33. hxg5 hxg5 34. Ke3 Re7 35. Kd4 Na6 36. Rxe6 Rxe6 37. Bxe6 Kf8 38. Bc8 Nb4 39. Bxb7 Nxa2 40. Bxc6 Nc1 41. Kc5 Nxb3+ 42. Kd6 Nd4 43. Bd7 g4 44. e6 Nxe6 45. Kxe6 1-0

[Event "Polish Youth G16 Championship 2023"]
[Site "Jastrzebia Gora"]
[Date "2023.03.13"]
[Round "3.10"]
[White "Sliwicka, Weronika"]
[Black "Kicinska, Magdalena"]
[Result "0-1"]
[ECO "B12"]
[WhiteElo "1374"]
[BlackElo "1573"]
[Annotator "NA RC COMBH"]
[PlyCount "56"]
[EventDate "2023.03.11"]
[EventType "swiss"]
[EventCountry "POL"]
[SourceTitle "playchess.com"]
[Source "ChessBase"]
[SourceQuality "1"]
[TimeControl "40/5400+30:1800+30"]

1. e4 c6 2. d4 d5 3. e5 Bf5 4. c4 e6 5. Nc3 Nd7 6. a3 Ne7 7. h4 h5 8. Be3 dxc4 9. Bxc4 Nb6 10. Bb3 Ned5 11. Nxd5 Nxd5 12. Qd2 Qb6 13. Bxd5 cxd5 14. Ne2 Be7 15. Rc1 O-O 16. Nf4 Rfc8 17. Nxh5 Rxc1+ 18. Qxc1 Qd8 19. g3 Be4 20. Rh2 Rc8 21. Qd1 Qa5+ 22. Bd2 Qb6 23. Qg4 g6 24. Nf6+ Bxf6 25. exf6 Qxb2 26. Qf4 Qb1+ 27. Ke2 Qd3+ 28. Ke1 Bf3 0-1